 Dungeon Crawl Stone Soup version 0.28.0-45-g0d030f2227 (webtiles) character file.

Game seed: 13645592589095029460

23 RascalDebosk the Chopper (level 2, -1/25 HPs)
             Began as a Minotaur Gladiator on Apr 2, 2022.
             Slain by an orc
             ... wielding a +0 trident
              (4 damage)
             ... on level 2 of the Dungeon.
             The game lasted 00:06:28 (1046 turns).

RascalDebosk the Chopper (Minotaur Gladiator)       Turns: 1046, Time: 00:06:31

Health: -1/25      AC:  5    Str: 18    XL:     2   Next: 75%
Magic:  1/1        EV: 11    Int:  5    God:
Gold:   30         SH:  0    Dex: 11    Spells: 1/1 levels left

rFire   . . .      SeeInvis .   a - +0 war axe
rCold   . . .      Faith    .   (no shield)
rNeg    . . .      Spirit   .   i - +0 ring mail
rPois   .          Reflect  .   c - +0 hat
rElec   .          Harm     .   (no cloak)
rCorr   .          Rampage  .   (no gloves)
Will    .....                   (no boots)
Stlth   +.........              (no amulet)
HPRegen 0.08/turn               (no ring)
MPRegen 0.07/turn               (no ring)

@: no status effects
A: horns 2, retaliatory headbutt
a: no special abilities


You were on level 2 of the Dungeon.
You visited 1 branch of the dungeon, and saw 2 of its levels.

You collected 30 gold pieces.

Inventory:

Hand Weapons
 a - a +0 war axe (weapon)
Missiles
 b - 6 boomerangs (quivered)
 d - 4 throwing nets
Armour
 c - a +0 hat (worn)
 i - a +0 ring mail (worn)
Scrolls
 e - a scroll of vulnerability {unknown}
 f - a scroll of fear {unknown}
 g - a scroll of immolation {unknown}
Potions
 h - a potion of mutation {unknown}
 j - a potion of might {unknown}


   Skills:
 + Level 2.8 Fighting
 + Level 3.9 Axes
 + Level 2.3 Throwing
 + Level 1.1 Armour
 - Level 3.2 Dodging
 + Level 0.7 Evocations


You had one spell level left.
You didn't know any spells.
Your spell library was empty.

Dungeon Overview and Level Annotations

Branches:
Dungeon (2/15)

Altars:


Innate Abilities, Weirdness & Mutations

You have a pair of horns on your head.
You reflexively headbutt those who attack you in melee.


Message History

You see here a quokka corpse.
HP restored.
You now have 17 gold pieces (gained 10).
You now have 30 gold pieces (gained 13).
Found 21 stones.
You see here 21 stones.
j - a blue potion A goblin comes into view.
It is wielding a +0 dagger.
A goblin is nearby!
The goblin shouts!
The goblin unwields a +0 dagger.
The goblin wields a +0 hunting sling.
The goblin shoots a stone.
The stone closely misses you.
The goblin shoots a stone.
The stone hits you.
The goblin unwields a +0 hunting sling.
The goblin wields a +0 dagger.
The goblin completely misses you.
You closely miss the goblin. The goblin hits you but does no damage.
You slash the goblin!
You kill the goblin!
Things that are here:
a +0 dagger; a +0 hunting sling; 20 stones An orc comes into view.
It is wielding a +0 short sword.
The orc shouts!
An orc priest comes into view. It is wielding a +0 flail.
The orc hits you with a +0 short sword.
You hit the orc.
The orc is heavily wounded.
The orc hits you with a +0 short sword. x2
You barely miss the orc. Your headbutt misses the orc.
The orc is heavily wounded.
The orc misses you. You furiously retaliate!
You headbutt the orc. You closely miss the orc. You headbutt the orc.
You kill the orc!
An orc comes into view. It is wielding a +0 trident.
The orc priest shouts!
The orc priest calls down the wrath of Beogh upon you.
Beogh smites you!
Ouch! That really hurt!
* * * LOW HITPOINT WARNING * * *
The orc hits you from afar with a +0 trident.
You die...

##.##.# #...# ......#
##...## ##.##########.....#
#.##......##.###.#######
#.##.####.##.# #.......# .#
##.##.####.##.###.......##..
...##.#.(..................#
##.......#.##....##........#
#.##.#).#.#####@###.#..##.#
#.##......# ##o..........#
#.##....### #.o.......##.#
#.##.##.# #.####.#####.#
#.##.##.# #. #.......#
#.......# #. #######.#
####.#### .. #.# #.#######
.. #.# #.......#... #.#


You could see an orc priest and an orc.

Vanquished Creatures
  A dart slug (D:1)
  An orc (D:2)
  4 endoplasms (D:1)
  A hobgoblin (D:2)
  3 jackals (D:1)
  A quokka (D:2)
  4 ball pythons (D:1)
  2 bats (D:1)
  A goblin (D:2)
  2 rats (D:1)
20 creatures vanquished.

Notes
Turn   | Place    | Note
-------+----------+-------------------------------------------
     0 | D:1      | RascalDebosk the Minotaur Gladiator began the quest for the
                  | Orb.
     0 | D:1      | Reached XP level 1. HP: 18/18 MP: 0/0
   255 | D:1      | Reached XP level 2. HP: 9/25 MP: 1/1
   483 | D:1      | Reached skill level 1 in Armour
   800 | D:2      | Found a faded altar of an unknown god.
  1046 | D:2      | Slain by an orc

Illustrated notes

Levels and vault maps discovered:
D:1:      saegor_arrival_simple_e, layout_rooms
D:2:      layout_loops_cross, nicolae_ecumenical_oubliette

Skill      XL: |  1  2 |
---------------+-------+-----
Armour         | 1 |  1.1
Fighting       | |  2.8
Axes           | |  3.9
Throwing       | |  2.3
Dodging        | |  3.2
Evocations     | |  0.7

Action                   || total
-------------------------++-------
Melee: War axe           ||    30
       Headbutt          ||     6
Armor: Leather armour    ||    18
       Ring mail         ||     1
Dodge: Dodged            ||    34
